 Dungeon Crawl Stone Soup version 0.31-a0-1074-g0b22e4e0f1 (webtiles) character file.

Game seed: 17139141518014170382

119 wildpjah the Vexing (level 4, -13/24 HPs)
             Began as a Deep Elf Enchanter on Nov 27, 2023.
             Mangled by a mummy (16 damage)
             ... on level 3 of the Dungeon.
             The game lasted 00:04:34 (1077 turns).

wildpjah the Vexing (Deep Elf Enchanter)            Turns: 1077, Time: 00:04:35

Health: -13/24     AC:  5    Str:  5    XL:     4   Next: 73%
Magic:  11/11      EV: 13    Int: 20    God:
Gold:   57         SH:  0    Dex: 17    Spells: 8/10 levels left

rFire   . . .        a - +1 dagger
rCold   . . .        (no shield)
rNeg    . . .        b - +0 robe
rPois   .            (no helmet)
rElec   .            d - +2 cloak
rCorr   .            (no gloves)
SInv    .            (no boots)
Will    .....        (no amulet)
Stlth   +++          (no ring)
HPRegen 0.24/turn    (no ring)
MPRegen 0.12/turn

%: no passive effects
@: no status effects
A: no striking features
a: no special abilities


You were on level 3 of the Dungeon.
You visited 1 branch of the dungeon, and saw 3 of its levels.

You collected 57 gold pieces.

Inventory:

Hand Weapons
 a - a +1 dagger (weapon)
Armour
 b - a +0 robe (worn)
 d - a +2 cloak (worn)
Scrolls
 f - a scroll of immolation {unknown}
 g - 2 scrolls of amnesia {unknown}
 i - a scroll of fear {unknown}
 j - a scroll of blinking {unknown}
 k - a scroll of vulnerability {unknown}
Potions
 c - 2 potions of invisibility
 h - 2 potions of heal wounds {unknown}


   Skills:
 + Level 0.2 Fighting
 + Level 1.7 Short Blades
 * Level 3.7 Dodging
 + Level 4.7 Stealth
 + Level 3.5 Spellcasting
 + Level 4.8 Hexes
 + Level 0.1 Ice Magic


You had 8 spell levels left.
You knew the following spells:

 Your Spells              Type           Power      Damage    Failure   Level
a - Ensorcelled Hibernat  Hex/Ice        26%        N/A       8%          2

Your spell library contained the following spells:

 Spells                   Type           Power      Damage    Failure   Level
 Confusing Touch          Hex            23%        N/A       5%          3
 Tukima's Dance           Hex            23%        N/A       5%          3
 Dazzling Flash           Conj/Hex       26%        N/A       14%         3


Dungeon Overview and Level Annotations

Branches:
Dungeon (2/15)

Altars:
Cheibriados
Trog

Annotations:
D:3 Sigmund


Message History

Something tries to affect you, but you resist.
You see here the felid corpse of Natasha.
You open the door.
An orc and 2 jackals come into view.
The jackal barks! x2; You hear a shout! x2 2 orcs and an orc priest come into view.
The orc shouts!
The jackal barely misses you.
The jackal bites you but does no damage.
There is an open door here.
No other quiver actions available for cycling.
As you read the scroll labelled RULUCI TE LAL, it crumbles to dust.
You hear the flapping of tiny wings.
The jackal is knocked back by the sudden gust. x2
It was a scroll of butterflies.
The jackal closely misses your butterfly.
You swap places.
The orc barely misses your butterfly.
The orc hits something but does no damage.
The orc closely misses something.
The jackal completely misses something.
You swap places.
Something unseen breaks down the door.
Something misses your butterfly.
The mummy completely misses your butterfly.
Aiming: Ensorcelled Hibernation (safe; 8% risk of failure)
Press: ? - help, Q - select action Shift-Dir - straight line
Okay, then.
You swap places.
The bat misses your butterfly.
The bat completely misses your butterfly. x2
Something hits you. The bat completely misses you. The bat barely misses you.
Sigmund appears from thin air!
Reactivating autopickup.
Sigmund hits you from afar with a +0 scythe.
The mummy hits you!
Ouch! That really hurt!
* * * LOW HITPOINT WARNING * * *
You swap places.
The bat hits you but does no damage.
The orc priest begins to cast a cantrip, but forgets the words!
Sigmund hits you but does no damage. The mummy hits you!
Ouch! That really hurt!
You die...

....# ##o###. #.#
###########o...... ..######
#........hh...oh.. .......#
#....bb...#bb.bo.. .......#
#....b...o#bb.bo.. .......#
#..b.b.b..#.b.b... .......#
#...bbb.@.#b...... .......#
#...bMb...#......#
.......####..bbb@b..#......#
...†...........b....#..#..##
...................b.##
......................#
.#####......†......_..# .#
#######'#........# ##
#.####......# #.# #.....##
####### #.# #.....#


You could see Sigmund, a mummy (ally target), an orc priest, an orc (ally
target), 2 jackals and a bat.

Vanquished Creatures
  Terence (D:2)
  Natasha (twice) (D:3)
  A worm (D:3)
  3 dart slugs (D:1)
  5 ball pythons (D:1)
  2 bats
  2 endoplasms
  A giant cockroach (D:1)
  4 goblins
  4 hobgoblins
  8 frilled lizards
  2 kobolds (D:2)
  4 rats
39 creatures vanquished.

Notes
Turn   | Place    | Note
-------+----------+-------------------------------------------
     0 | D:1      | wildpjah the Deep Elf Enchanter began the quest for the
                  | Orb.
     0 | D:1      | Reached XP level 1. HP: 10/10 MP: 6/6
   138 | D:1      | Reached XP level 2. HP: 7/15 MP: 8/8
   485 | D:1      | Reached XP level 3. HP: 19/19 MP: 9/9
   704 | D:2      | Noticed Terence
   709 | D:2      | Learned a level 2 spell: Ensorcelled Hibernation
   712 | D:2      | Killed Terence
   868 | D:2      | You fall into a shaft and drop 1 floor!
   909 | D:3      | Found a bloodstained altar of Trog.
   911 | D:3      | Noticed Natasha
   922 | D:3      | Killed Natasha
   923 | D:3      | Reached XP level 4. HP: 24/24 MP: 8/11
  1029 | D:3      | Noticed Natasha
  1030 | D:3      | Found a snail-covered altar of Cheibriados.
  1032 | D:3      | Noticed Sigmund
  1035 | D:3      | Killed Natasha
  1077 | D:3      | Mangled by a mummy

Illustrated notes

Levels and vault maps discovered:
D:1:      pf_arrival_petrified_forest, layout_basic, chequers_arboretum,
          minmay_misc_feat_rugged, minmay_lizard_king
D:2:      layout_loops_ring, serial_shops, shop, minmay_misc_feat_rows,
          st_stairs_2, kennysheep_generic_room_5, uniq_terence
D:3:      layout_basic, bloody_trog, slow_altar_1, grunt_decor_resistance,
          uniq_natasha, uniq_sigmund

Skill      XL: |  1  2  3 |
---------------+----------+-----
Stealth        | 4 |  4.7
Dodging        | 3 |  3.7
Fighting       | |  0.2
Short Blades   | |  1.7
Spellcasting   | |  3.5
Hexes          | |  4.8
Ice Magic      | |  0.1

Action                     |  1- 3 |  4- 6 || total
---------------------------+-------+-------++-------
  Melee: Dagger            |   106 |     2 ||   108
         Punch             |     1 |       ||     1
   Cast: Ensorcelled Hiber |     2 |     5 ||     7
    Use: Scroll            |       |     1 ||     1
   Stab: Sleeping          |    10 |     2 ||    12
         Distracted        |     2 |       ||     2
 Armour: Robe              |    37 |     8 ||    45
  Dodge: Dodged            |    50 |     4 ||    54

Table legend: (Time is in decaauts)
 A = Elapsed time spent in this place.
 B = Non-inter-level travel time spent in this place.
 C = Inter-level travel time spent in this place.
 D = Time resting spent in this place.
 E = Time spent auto-exploring this place.
 F = Levels seen in this place.
 G = Mean time per level.
                   A        B        C        D        E       F      G
               +--------+--------+--------+--------+--------+-----+--------+
         Total |   1069 |   1043 |     26 |      0 |    685 |   3 |  356.3 |
       Dungeon |   1069 |   1043 |     26 |      0 |    685 |   3 |  356.3 |
               +--------+--------+--------+--------+--------+-----+--------+

Top non-repeatable levels by time:
     D:1: 652 daAuts
     D:2: 208 daAuts
     D:3: 208 daAuts
